 Dungeon Crawl Stone Soup version 0.30-a0-883-g5ad918d77d (webtiles) character file.

Game seed: 15363846831774726038

108 omnomnOMINOUS the Stinger (level 4, -2/29 HPs)
             Began as an Octopode Wanderer on Mar 15, 2023.
             Slain by an iguana (13 damage)
             ... on level 4 of the Dungeon.
             The game lasted 00:04:13 (2374 turns).

omnomnOMINOUS the Stinger (Octopode Wanderer)       Turns: 2374, Time: 00:04:14

Health: -2/29      AC:  1    Str: 11    XL:     4   Next: 87%
Magic:  1/6        EV: 13    Int: 16    God:
Gold:   83         SH:  0    Dex: 11    Spells: 2/6 levels left

rFire   . . .      SeeInvis .    a - +0 trident
rCold   . . .      Faith    .    (no shield)
rNeg    . . .      Spirit   .    (helmet restricted)
rPois   .          Reflect  .    (no amulet)
rElec   .          Rampage  .    (no ring)
rCorr   .                        (no ring)
Will    .....                    (no ring)
Stlth   ++                       (no ring)
HPRegen 0.24/turn                (no ring)
MPRegen 0.10/turn                (no ring)
                                 (no ring)
                                 (no ring)

@: hasted, very quick
A: almost no armour, amphibious, 8 rings, camouflage 1, gelatinous body 1,
(nimble swimmer 1), tentacles
a: no special abilities


You were on level 4 of the Dungeon.
You visited 1 branch of the dungeon, and saw 4 of its levels.

You collected 83 gold pieces.

Inventory:

Hand Weapons
 a - a +0 trident (weapon)
 b - a +0 whip
 c - a +0 war axe
Wands
 n - a wand of flame (3) (quivered)
Scrolls
 e - 2 scrolls of noise {unknown}
 f - a scroll of butterflies {unknown}
 g - a scroll of teleportation {unknown}
 i - a scroll of fog
 m - 3 scrolls of enchant armour {unknown}
 o - a scroll of identify {unknown}
 p - a scroll of silence {unknown}
Potions
 h - a potion of haste
 j - a potion of ambrosia {unknown}
 k - a potion of lignification {unknown}
 l - 2 potions of heal wounds


   Skills:
 + Level 2.1 Fighting
 + Level 1.6 Dodging
 + Level 1.9 Spellcasting
 + Level 1.6 Conjurations
 + Level 2.8 Air Magic
 - Level 6.0 Poison Magic
 - Level 1.1 Evocations


You had 2 spell levels left.
You knew the following spells:

 Your Spells              Type           Power      Damage    Failure   Level
a - Shock                 Conj/Air       32%        1d5       9%          1
b - Mephitic Cloud        Conj/Pois/Air  12%        N/A       16%         3

Your spell library contained the following spells:

 Spells                   Type           Power      Damage    Failure   Level
 Sting                    Tmut/Pois      44%        1d5       6%          1
 Olgreb's Toxic Radiance  Pois           20%        N/A       17%         4
 Vhi's Electric Charge    Tloc/Air       12%        N/A       34%         3


Dungeon Overview and Level Annotations

Branches:
Dungeon (4/15)
 Temple: D:4-7

Altars:
Kikubaaqudgha

Shops:
D:2 =


Innate Abilities, Weirdness & Mutations

You cannot wear most types of armour.
You are amphibious.
You can wear up to eight rings at the same time.
Your skin changes colour to match your surroundings (Stealth+).
Your rubbery body absorbs attacks. (AC +1, EV +1)
((You are camouflaged when in or above water. (Stealth+)))
You have tentacles for arms and can constrict up to eight enemies at once.


Message History

You are frozen.
You hit the ogre. You squeeze the ogre.
The ogre is heavily wounded.
You are engulfed in noxious fumes.
You choke on the stench!
You are more confused.
The ogre is engulfed in noxious fumes.
The ogre appears confused.
The endoplasm freezes you.
You are frozen.
The endoplasm hits you.
It was a potion of heal wounds.
You feel much better.
You are engulfed in noxious fumes.
You choke on the stench!
You are more confused.
The endoplasm closely misses you. The endoplasm attacks as you move away!
The endoplasm hits you.
The ogre is engulfed in noxious fumes.
It was a potion of haste.
You feel yourself speed up. The endoplasm freezes you.
You are frozen.
You closely miss the iguana.
It was a potion of curing.
You feel better. The endoplasm freezes you.
You are frozen.
The iguana bites you. The endoplasm hits you.
The ogre hits the endoplasm with a +0 giant club!
The endoplasm is killed!
Reach: a) +0 trident
Press: ? - help, Dir - move target, f - iguana, p - ogre
Aim: an iguana (about 42% to evade your +0 trident)
You reach to attack!
You barely miss the iguana. You puncture the iguana!
Your grab misses the iguana. Your squeeze misses the iguana.
The iguana is moderately wounded.
The iguana misses you.
You barely miss the iguana. You grab the iguana.
The iguana is moderately wounded.
You constrict the iguana, but do no damage.
The iguana bites you!
You hit the iguana but do no damage.
The iguana is moderately wounded.
You constrict the iguana. The iguana bites you!
You die...

##.#. ....
....#...##
........#
......##
......#
#....#
###<..#
##.#..####
#@l.O....#
#...........
#...........
##..........
##.#######.
..#$.$..#.
..#$....#.
...+.._..#.
..#. ...


You could see an ogre (confused) and an iguana.

Vanquished Creatures
  Jessica (D:3)
  An adder (D:3)
  A worm (D:2)
  A dart slug (D:2)
  3 orcs (D:3)
  6 ball pythons
  10 endoplasms
  2 giant cockroaches (D:2)
  2 goblins
  6 hobgoblins
  6 jackals
  6 kobolds
  A quokka (D:2)
  4 bats (D:1)
  4 frilled lizards
  4 rats
58 creatures vanquished.

Notes
Turn   | Place    | Note
-------+----------+-------------------------------------------
     0 | D:1      | omnomnOMINOUS the Octopode Wanderer began the quest for the
                  | Orb.
     0 | D:1      | omnomnOMINOUS set off with the following items: a +0 club,
                  | a scroll of fog, a wand of flame (3); and the following
                  | spells available to memorise: Sting, Shock, Olgreb's Toxic
                  | Radiance, Mephitic Cloud, Vhi's Electric Charge.
     0 | D:1      | Reached XP level 1. HP: 13/13 MP: 2/2
     2 | D:1      | Learned a level 1 spell: Shock
   160 | D:1      | Reached XP level 2. HP: 11/18 MP: 3/3
   489 | D:1      | Reached XP level 3. HP: 10/23 MP: 5/5
   569 | D:1      | Learned a level 3 spell: Mephitic Cloud
   804 | D:2      | Reached skill level 1 in Dodging
   804 | D:2      | Reached skill level 1 in Conjurations
  1062 | D:2      | Found Nete's Jewellery Boutique.
  1587 | D:3      | Reached XP level 4. HP: 22/29 MP: 6/6
  1917 | D:3      | Noticed Jessica
  1922 | D:3      | Killed Jessica
  2278 | D:4      | Noticed a phantom
  2296 | D:4      | Noticed a black bear
  2356 | D:4      | Noticed an ogre
  2357 | D:4      | Found an ancient bone altar of Kikubaaqudgha.
  2374 | D:4      | Slain by an iguana

Illustrated notes

Levels and vault maps discovered:
D:1:      dpeg_arrival_orchard, layout_rooms, ebering_dispersal_statue_hall
D:2:      layout_basic, serial_shops, shop, chequers_garden
D:3:      layout_loops_ring, minmay_misc_feat_plants,
          chequers_serial_rivers_micro_e, uniq_jessica
D:4:      layout_cave_pools, lemuel_coloured_pillars_altar,
          amcnicky_altar_gilded, zin_purify, serial_column_ruins,
          column_ruins_grid_3, column_ruins_columns_straight,
          column_ruins_open_medium, lexackson_kobold_supper, uniq_grinder

Skill      XL: |  1  2  3  4 |
---------------+-------------+-----
Dodging        | 1 |  1.6
Conjurations   | 1 |  1.6
Fighting       | 2 |  2.1
Spellcasting   | |  1.9
Air Magic      | |  2.8
Poison Magic   | |  6.0
Evocations     | |  1.1

Action                     |  1- 3 |  4- 6 || total
---------------------------+-------+-------++-------
  Melee: Whip              |    59 |       ||    59
         Club              |     6 |       ||     6
         Tentacles         |    14 |    12 ||    26
         Constrict         |    16 |    10 ||    26
         Trident           |    23 |    42 ||    65
   Cast: Mephitic Cloud    |       |     2 ||     2
    Use: Potion            |       |     3 ||     3
   Stab: Sleeping          |     8 |     3 ||    11
 Armour: Skin              |     6 |     4 ||    10
  Dodge: Dodged            |    51 |    23 ||    74

Table legend: (Time is in decaauts)
 A = Elapsed time spent in this place.
 B = Non-inter-level travel time spent in this place.
 C = Inter-level travel time spent in this place.
 D = Time resting spent in this place.
 E = Time spent auto-exploring this place.
 F = Levels seen in this place.
 G = Mean time per level.
                   A        B        C        D        E       F      G
               +--------+--------+--------+--------+--------+-----+--------+
         Total |   2396 |   2293 |    103 |    149 |   1732 |   4 |  599.0 |
       Dungeon |   2396 |   2293 |    103 |    149 |   1732 |   4 |  599.0 |
               +--------+--------+--------+--------+--------+-----+--------+

Top non-repeatable levels by time:
     D:3: 848 daAuts
     D:1: 801 daAuts
     D:2: 721 daAuts
     D:4: 25 daAuts
